 Dungeon Crawl Stone Soup version 0.30-a0-859-gf88a04b62d (console) character file.

Game seed: 11752686883074004928

44 petzl the Sneak (level 3, -14/29 HPs)
             Began as a Formicid Delver on Mar 6, 2023.
             Demolished by a white ugly thing (30 damage)
             ... on level 12 of the Dungeon.
             The game lasted 00:11:18 (1429 turns).

petzl the Sneak (Formicid Delver)                   Turns: 1429, Time: 00:11:19

Health: -14/29     AC:  5    Str: 16    XL:     3   Next: 87%
Magic:  6/6        EV: 11    Int: 11    God:
Gold:   59         SH:  0    Dex: 15    Spells: 6/6 levels left

rFire   . . .      SeeInvis +    a - +0 quarterstaff
rCold   . . .      Faith    .    (no shield)
rNeg    . . .      Spirit   .    n - +0 ring mail
rPois   .          Reflect  .    (helmet unavailable)
rElec   .          Rampage  .    (no cloak)
rCorr   .                        (no gloves)
Will    .....                    (no boots)
Stlth   +++                      (no amulet)
HPRegen 0.24/turn                (no ring)
MPRegen 0.10/turn                (no ring)

@: no status effects
A: permanent stasis, dig shafts and tunnels, antennae 3, four strong arms
a: Dig, Shaft Self


You were on level 12 of the Dungeon.
You visited 2 branches of the dungeon, and saw 8 of its levels.

You collected 59 gold pieces.

Inventory:

Hand Weapons
 a - a +0 quarterstaff (weapon)
 b - a +0 sling
 r - a +0 mace
Missiles
 g - 2 poisoned darts
 j - 3 silver javelins
Armour
 i - a +0 leather armour
 n - a +0 ring mail (worn)
 o - a +0 pair of boots
 p - a +1 pair of gloves
Wands
 f - a wand of digging (1)
 h - a wand of flame (12)
 q - a wand of mindburst (6)
Scrolls
 c - a scroll of fog
 d - a scroll of magic mapping
 e - a scroll of fear
 k - 2 scrolls of identify {unknown}
 s - a scroll of amnesia {unknown}
 t - a scroll of immolation {unknown}
Potions
 l - a potion of haste {unknown}
 m - 2 potions of curing {unknown}


   Skills:
 - Level 3.2 Fighting
 - Level 2.0 Maces & Flails
 + Level 2.1 Ranged Weapons
 - Level 1.7 Dodging
 - Level 6.0 Stealth
 + Level 2.1 Spellcasting


You had 6 spell levels left.
You didn't know any spells.
Your spell library was empty.

Dungeon Overview and Level Annotations

Branches:
Dungeon (12/15)               Orc (1/2) D:12
 Temple: D:4-7         Lair: D:8-11

Altars:
Kikubaaqudgha
Okawaru
Trog
Xom
Yredelemnul

Shops:
D:7 [

Annotations:
D:7 2 transporters, exclusion: orc warrior, ragingrage's ghost, novice DsDe
D:12 exclusions: basilisk, door, downstairs, sensed monster (detected), troll and vampire
Orc:1 Jorgrun


Innate Abilities, Weirdness & Mutations

You cannot be hasted, slowed, berserked, paralysed or teleported.
You can dig through walls and to a lower floor.
You have a pair of large antennae on your head. (SInv)
Your four strong arms can wield two-handed weapons with a shield.


Message History

The rock shatters into small pieces.
A troll comes into view.
Found a tower shield.
Press: ? - help, v - describe, . - travel
Here: a troll (asleep)
The floor.
Placed new exclusion.
Unknown command.
Unknown command.
There is an open door here.
There is an open door here.
There is a staircase to the Orcish Mines here.
There is an open door here.
There is an open door here.
You open the door.
There is an open door here.
A gargoyle comes into view. It is wielding a +0 flail.
The gargoyle hurls a stone arrow at you.
The stone arrow misses you.
There is an open door here.
There is an open door here.
You close the door.
A gargoyle opens the door.
Found 17 gold pieces.
Aiming: Dig
Press: ? - help, Shift-Dir - straight line, f - you Please select a direction to dig.
The rock shatters into small pieces.
Found a scroll labelled DUFRIFF ZAVE.
Found a stone staircase leading up.
Found a stone staircase leading up.
A white ugly thing comes into view.
The white ugly thing gurgles horribly!
You hear a shout!
The vampire mosquito buzzes angrily.
You hit the white ugly thing.
The white ugly thing is lightly wounded.
The white ugly thing barely misses you.
Are you sure you want to shaft yourself?
The white ugly thing headbutts you! The white ugly thing freezes you!!
Ouch! That really hurt!
You die...

.......... ##......
#...... #...... #......
#...... #...... #......
....... ..# #......
........#..# #...###
...........#?.# #...#..
............#..# #9..#..
...............####...#..
...............#..+...#..
...............#..#...##'
.............###'##...#..
............#...9.....#..
..........9.#.........###
......u@....#.........#..
......y.....#..####...#..
............#'##......#..
............#.........#..
............#.........#..
........<...#..#......##+
............#..#......#
............#..'......#
#..#......# #..#......#
###########


You could see a white ugly thing, a vampire mosquito and a gargoyle.

Vanquished Creatures
  An orc wizard (D:10)
  A gnoll (D:10)
  An adder (D:6)
3 creatures vanquished.

Notes
Turn   | Place    | Note
-------+----------+-------------------------------------------
     0 | D:5      | petzl the Formicid Delver began the quest for the Orb.
     0 | D:5      | Reached XP level 1. HP: 18/18 MP: 1/1
    10 | D:6      | Noticed an ogre
    26 | D:5      | Noticed a gnoll sergeant
    47 | D:5      | Noticed an orc wizard
    52 | D:5      | Noticed an orc wizard
    56 | D:5      | You fall into a shaft and drop 1 floor!
    78 | D:5      | Noticed a water moccasin
    79 | D:5      | Noticed an iguana
    84 | D:5      | Noticed a scorpion
    98 | D:5      | Found an ancient bone altar of Kikubaaqudgha.
   100 | D:5      | Noticed a sky beast
   106 | D:5      | Noticed a yak
   112 | D:5      | You fall into a shaft and drop 1 floor!
   112 | D:6      | Found a shimmering altar of Xom.
   199 | D:6      | Reached skill level 1 in Ranged Weapons
   199 | D:6      | Reached skill level 1 in Spellcasting
   199 | D:6      | Reached XP level 2. HP: 24/24 MP: 1/3
   229 | D:6      | Noticed a phantom
   236 | D:6      | Noticed an orc warrior
   244 | D:6      | You fall into a shaft and drop 2 floors!
   452 | D:7      | Noticed an orc warrior
   453 | D:7      | Found Keocetal's Armour Emporium.
   453 | D:7      | Noticed a hornet
   465 | D:7      | Found a bloodstained altar of Trog.
   465 | D:7      | Noticed an orc warrior
   486 | D:7      | Found a transporter.
   486 | D:7      | Noticed ragingrage's ghost (novice DsDe)
   487 | D:7      | Noticed a black bear
   491 | D:7      | Noticed an unseen horror
   499 | D:7      | Found a transporter.
   507 | D:7      | Noticed a sky beast
   538 | D:7      | Found a basalt altar of Yredelemnul.
   610 | D:7      | You fall into a shaft and drop 3 floors!
   610 | D:10     | Entered Level 10 of the Dungeon
   640 | D:9      | Noticed an orc warrior
   702 | D:10     | Reached XP level 3. HP: 12/29 MP: 4/6
   710 | D:10     | Noticed a gnoll sergeant
   713 | D:10     | You fall into a shaft and drop 2 floors!
   906 | D:12     | Found a staircase to the Orcish Mines.
   927 | Orc:1    | Entered Level 1 of the Orcish Mines
   927 | Orc:1    | Noticed Jorgrun
   927 | Orc:1    | Noticed an ogre
   978 | D:12     | Noticed a vampire
  1010 | D:12     | Found an iron altar of Okawaru.
  1050 | D:12     | Noticed a vampire mosquito
  1098 | D:12     | Noticed a two-headed ogre
  1195 | D:12     | Noticed a basilisk
  1336 | D:12     | Noticed a troll
  1369 | D:12     | Noticed a gargoyle
  1424 | D:12     | Noticed a white ugly thing
  1429 | D:12     | Demolished by a white ugly thing

Illustrated notes

Levels and vault maps discovered:
D:5:      layout_cave_pools, mainiacjoe_overflow_concentric_impassable
D:6:      layout_rooms, lemuel_coloured_pillars_altar,
          mainiacjoe_overflow_alcove_1, xom_teletrap_fun,
          mainiacjoe_overflow_six_doors_small
D:7:      layout_loops_ring, lemuel_crystal_altar, trog_butcher_becter,
          gammafunk_ghost_arena, minmay_misc_feat_tower,
          kennysheep_windowed_goal
D:8:      layout_basic, pf_just_have_faith, uniq_maurice, uniq_maggie, uniq_grum
D:9:      layout_gridville, kennysheep_mini_moat, uniq_erica
D:10:     layout_irregular_city
D:12:     layout_grid_maze, orc_0_dummy, mumra_transporter_accident,
          okawaru_metal_pillars_1_2
Orc:1:    layout_caves, nicolae_orc_pool_cavern, uniq_jorgrun

Skill      XL: |  1  2 |
---------------+-------+-----
Ranged Weapons | 1 2 |  2.1
Spellcasting   | 1 2 |  2.1
Fighting       | |  3.2
Maces & Flails | |  2.0
Dodging        | |  1.7
Stealth        | |  6.0

Action                     || total
---------------------------++-------
  Melee: Mace              ||     6
         Quarterstaff      ||     1
   Fire: Sling             ||    10
Ability: Shaft Self        ||     6
  Evoke: Wand              ||     6
 Armour: Leather armour    ||     4
         Ring mail         ||     5
  Dodge: Dodged            ||    17

Table legend: (Time is in decaauts)
 A = Elapsed time spent in this place.
 B = Non-inter-level travel time spent in this place.
 C = Inter-level travel time spent in this place.
 D = Time resting spent in this place.
 E = Time spent auto-exploring this place.
 F = Levels seen in this place.
 G = Mean time per level.
                   A        B        C        D        E       F      G
               +--------+--------+--------+--------+--------+-----+--------+
         Total |   1431 |   1232 |    199 |    169 |     19 |   8 |  178.9 |
       Dungeon |   1430 |   1231 |    199 |    169 |     19 |   7 |  204.3 |
  Orcish Mines |      1 |      1 |      0 |      0 |      0 |   1 |    1.0 |
               +--------+--------+--------+--------+--------+-----+--------+

Top non-repeatable levels by time:
    D:12: 713 daAuts
     D:7: 228 daAuts
     D:8: 147 daAuts
     D:6: 147 daAuts
     D:5: 88 daAuts
    D:10: 74 daAuts
     D:9: 29 daAuts
   Orc:1: 1 daAuts
